 Dungeon Crawl Stone Soup version 0.27-a0-1090-gb115f176c6 (webtiles) character file.

Game seed: 16901358442891933350

17974 robertstho the Thaumaturge (level 12, -1/81 HPs)
             Began as a Djinni Fire Elementalist on Apr 27, 2021.
             Was a High Priest of Ashenzari.
             Slain by a salamander
             ... wielding a +0 spear
              (15 damage)
             ... in a volcano.
             The game lasted 00:25:48 (11868 turns).

robertstho the Thaumaturge (DjFE)                  Turns: 11868, Time: 00:25:48

Health: -1/81      AC: 11    Str:  2    XL:     12   Next: 53%
Gold:   417        EV: 17    Int: 25    God:    Ashenzari [*****.] SH:  0 Dex: 14

rFire    + + +     SeeInvis +   t - +5 broad axe "Circumscribed With Me" {pain, Fly rPois rC++ Str-2, Evo, Range} (curse)
rCold    + + .     Faith    .   (no shield)
rNeg     . . .     Spirit   .   G - +0 robe of the Cursed Yoke {rC+ rF+, Fort, Melee} (curse)
rPois    ∞         Reflect  .   r - +0 helmet of Ashenzari's Gnosis {Melee, Fort} (curse)
rElec    .         Harm     .   d - +2 cloak "Sybil of the Soothsayer" {Stlth+, Fort, Range} (curse)
rCorr    .         Rampage  .   I - +0 pair of gloves "Moon of the Sky" {Melee, Fort} (curse)
Will     +++..     Clarity  +   (boots unavailable)
Stlth    +++++.....             s - amulet "Portent of the Sky" {+Blink Regen+ Str-3 Slay+3, Range, Cun} (curse)
HPRegen  1.23/turn              b - ring of the Mage {Wiz Will++ Int+3, Fort, Evo} (curse)
MPRegen  0.00/turn              v - ring of Toth-Mos's Legacy {AC+4, Cun, Evo} (curse)

@: flying
A: fire resistance 2, cold vulnerability 1, float, innate caster, hp casting,
extra vitality 1
a: Renounce Religion, Evoke Blink, Shatter the Chains


You were in a volcano.
You worshipped Ashenzari.
Ashenzari was extremely pleased with you.
You visited 3 branches of the dungeon, and saw 14 of its levels.
You also visited: Volcano.

You collected 1401 gold pieces.
You spent 984 gold pieces at shops.

Inventory:

Hand Weapons
 e - a +0 dagger of draining
 l - a +0 spear of freezing
 n - a +2 dagger of venom
 t - the cursed +5 broad axe "Circumscribed With Me" (weapon) {pain, Fly rPois rC++ Str-2, Evo, Range}
   (You bought it in a shop on level 5 of the Dungeon)

   In the hands of one skilled in necromantic magic, it inflicts extra damage on
   living creatures.
   It affects your strength (-2).
   It greatly protects you from cold.
   It protects you from poison.
   It grants you flight.
   It has a curse which improves the following skills: Evocations: Evocations.
   Ranged Combat: Slings, Bows, Crossbows and Throwing.
 B - the +5 shortbow of the Unliving {vorpal, rPois rN+ Str+2}
   (You found it on level 7 of the Dungeon)

   Any arrow fired from it inflicts extra damage.
   It affects your strength (+2).
   It protects you from poison.
   It protects you from negative energy.
 E - the +5 trident "Venih" {holy, +Blink rPois rC+ Stlth-}
   (You found it on level 8 of the Dungeon)

   It has been blessed by the Shining One to cause great damage to the undead
   and demons.
   It protects you from cold.
   It protects you from poison.
   It lets you blink.
   It makes you less stealthy.
 F - a +1 scimitar of flaming
Missiles
 C - a curare-tipped dart
Armour
 d - the cursed +2 cloak "Sybil of the Soothsayer" (worn) {Stlth+, Fort, Range}
   (You took it off Maurice on level 8 of the Dungeon)

   It has a curse which improves the following skills: Fortitude: Armour and
   Shields.
   Ranged Combat: Slings, Bows, Crossbows and Throwing.
 r - the cursed +0 helmet of Ashenzari's Gnosis (worn) {Melee, Fort}
   (You found it on level 5 of the Dungeon)

   It has a curse which improves the following skills: Melee Combat: Short
   Blades, Long Blades, Axes, Maces & Flails, Polearms, Staves and Unarmed
   Combat.
   Fortitude: Armour and Shields.
 G - the cursed +0 robe of the Cursed Yoke (worn) {rC+ rF+, Fort, Melee}
   (You took it off Erica on level 8 of the Dungeon)

   It has a curse which improves the following skills: Fortitude: Armour and
   Shields.
   Melee Combat: Short Blades, Long Blades, Axes, Maces & Flails, Polearms,
   Staves and Unarmed Combat.
 I - the cursed +0 pair of gloves "Moon of the Sky" (worn) {Melee, Fort}
   (You found it on level 9 of the Dungeon)

   It has a curse which improves the following skills: Melee Combat: Short
   Blades, Long Blades, Axes, Maces & Flails, Polearms, Staves and Unarmed
   Combat.
   Fortitude: Armour and Shields.
Jewellery
 b - the cursed ring of the Mage (left hand) {Wiz Will++ Int+3, Fort, Evo}
   (You bought it in a shop on level 5 of the Dungeon)

   [ring of wizardry]

   It improves your spell success rate.
   It affects your intelligence (+3).
   It greatly increases your willpower.
   It has a curse which improves the following skills: Fortitude: Armour and
   Shields.
   Evocations: Evocations.
 h - a ring of resist corrosion
 k - a ring of protection from cold
 s - the cursed amulet "Portent of the Sky" (around neck) {+Blink Regen+ Str-3 Slay+3, Range, Cun}
   (You acquired it on level 5 of the Dungeon)

   [amulet of regeneration]

   It affects your strength (-3).
   It affects your accuracy and damage with ranged weapons and melee attacks
   (+3).
   It lets you blink.
   It increases your rate of health regeneration.
   It has a curse which improves the following skills: Ranged Combat: Slings,
   Bows, Crossbows and Throwing.
   Cunning:   Dodging and Stealth.
 v - the cursed ring of Toth-Mos's Legacy (right hand) {AC+4, Cun, Evo}
   (You found it on level 6 of the Dungeon)

   [ring of protection]

   It affects your AC (+4).
   It has a curse which improves the following skills: Cunning: Dodging and
   Stealth.
   Evocations: Evocations.
 x - a ring of protection from fire
 A - a ring of ice
 H - a ring of positive energy
 J - an amulet of reflection
Wands
 a - a wand of paralysis (7)
 o - a wand of iceblast (11)
 L - a wand of digging (3)
 M - a wand of polymorph (11)
 O - a wand of flame (19)
Scrolls
 f - 2 scrolls of blinking
 g - 2 scrolls of enchant weapon
 i - 4 scrolls of teleportation
 j - 6 scrolls of magic mapping
 m - 2 scrolls of vulnerability
 p - 2 scrolls of brand weapon
 q - 3 scrolls of fog
 y - a scroll of silence
 z - a scroll of summoning
 D - 2 scrolls of enchant armour
 P - a scroll of fear
Potions
 c - 3 potions of curing
 u - 4 potions of haste
 w - a potion of resistance
 K - a potion of berserk rage
 N - a potion of brilliance


   Skills:
 + Level 5.0 Fighting
 + Level 7.1(12.2) Axes
 + Level 0.5(5.2) Polearms
 + Level 6.1(10.2) Dodging
 + Level 5.1(9.1) Stealth
 + Level 13.3 Spellcasting
 + Level 0.9(3.6) Evocations


You had 7 spell levels left.
You knew the following spells:

 Your Spells              Type           Power      Damage    Failure   Level
a - Foxfire               Conj/Fire      100%       2x1d9     0%          1
b - Conjure Flame         Conj/Fire      70%        6-21      1%          3
c - Inner Flame           Hex/Fire       70%        N/A       1%          3
d - Sticky Flame          Conj/Fire      70%        2d8       1%          4
e - Fireball              Conj/Fire      35%        3d15      1%          5
f - Sandblast             Erth           100%       2d20      0%          1
g - Blink                 Tloc           N/A        N/A       0%          2
h - Dazzling Flash        Conj/Hex       100%       N/A       1%          3
i - Passage of Golubria   Tloc           N/A        N/A       1%          4
j - Airstrike             Air            35%        N/A       1%          4
Your spell library was empty.

Dungeon Overview and Level Annotations

Branches:
Dungeon (11/15)            Temple (1/1) D:5            Lair (2/6) D:9
    Orc (0/2) D:9         Volcano (1/1)
  Swamp: Lair:2-4    Shoals: Lair:2-4     Snake: Lair:2-4    Spider: Lair:2-4

Altars:
Ashenzari
Dithmenos
Gozag
Hepliaklqana
Nemelex Xobeh
Okawaru
Qazlal
Ru
Trog
Yredelemnul
Zin
Beogh

Shops:
D:4 (   D:5 ((?=   D:6 (

Annotations:
D:10 3 runed translucent doors


Innate Abilities, Weirdness & Mutations

You are immune to poison.
Your flesh is very heat resistant. (rF++)
You are vulnerable to cold. (rC-)
You float through the air rather than walking.
You learn spells naturally, not from books.
Your magical power is your life essence.
You have superior vitality. (+4 HP)


Message History

The salamander hits you from afar with a +0 spear!
* * * LOW HITPOINT WARNING * * *
You are engulfed in flames.
You resist.
* * * LOW HITPOINT WARNING * * *
The two-headed ogre is engulfed in a cloud of scalding steam.
You feel better.
The salamander hits you from afar with a +0 spear.
* * * LOW HITPOINT WARNING * * *
You are engulfed in flames.
You resist.
* * * LOW HITPOINT WARNING * * *
The salamander barely misses you.
The salamander drinks a potion.
The salamander suddenly seems more resistant.
Okay, then.
You blink.
The steam dragon breathes steam at you.
The ball of steam hits the salamander.
The salamander resists.
The ball of steam hits you but does no damage.
You hear an angry hiss. x2
The salamander hits you but does no damage.
The steam dragon is engulfed in blazing flames.
The steam dragon is engulfed in blazing flames.
The salamander barely misses you.
Casting: Fireball (safe; 1% risk of failure)
Confirm with . or Enter, or press ? or * to list all spells.
Aiming: Fireball (safe; 1% risk of failure)
Press: ? - help, Shift-Dir - straight line, f - steam dragon
Aim: a steam dragon (lava, severely wounded)
The fireball explodes!
The fireball engulfs the steam dragon!!
You kill the steam dragon!
The tree burns like a torch!
The fireball engulfs the salamander.
The salamander completely resists.
The fireball engulfs the salamander.
The salamander completely resists.
The salamander is lightly wounded.
* * * LOW HITPOINT WARNING * * *
You hear an angry hiss.
The steam dragon breathes steam at you.
The ball of steam hits the salamander.
The salamander resists.
The ball of steam misses you.
The salamander hits you from afar with a +0 spear!
You die...

≈ * ,....{.†..♣≈
*,,,, {...).♣≈§ *
,{,.♣...♣≈§≈# ** ,
,.♣♣..♣§≈§# * * ,
§≈♣♣.♣♣≈≈# * , *,≈
≈≈♣...♣§○## ,
≈§≈♣P.♣♣§○§# * ,,.♣§
§♣♣..♣§§§§# *
..≈≈≈♣♣..P♣§@≈≈# ≈
..l≈≈♣....§§≈≈≈# ≈
..≈≈≈§P..♣§NN≈≈#
,...≈≈§♣§.♣N§○≈## ≈
lD.{§§♣.§D≈≈≈≈## ≈≈
♣...≈≈§§..§≈≈§######
≈
≈.P..≈≈D§..§§≈≈##...#
≈
≈P...O≈≈.§†..♣♣♣....#
≈♣...l§≈......♣..∩∩.#


You could see 3 salamanders and a steam dragon (catching breath).

Vanquished Creatures
  2 boulder beetles
  4 two-headed ogres
  Erica (D:8)
  Pikel (D:7)
  A cyclops (D:7)
  Maurice (D:8)
  A rime drake (Lair:1)
  2 cane toads (Lair:1)
  3 komodo dragons
  2 trolls (D:11)
  A hornet (D:10)
  5 blink frogs (Lair:1)
  A shadow (D:7)
  2 vampires
  2 wraiths
  15 yaks
  3 steam dragons
  2 basilisks (D:9)
  6 wyverns
  4 vampire mosquitoes
  An acid dragon (D:10)
  4 water moccasins (Lair:1)
  2 sky beasts
  A black bear (D:6)
  A hornet zombie (D:7)
  3 necrophages
  5 orc warriors
  2 ogres (D:6)
  3 centaurs
  A lemure (D:7)
  A phantom (D:4)
  3 kobold brigands (D:7)
  3 bullfrogs
  A gnoll sergeant (D:8)
  5 scorpions
  4 killer bees (D:11)
  3 howler monkeys (D:10)
  3 bullfrog zombies
  4 centaur zombies
  5 orc priests (D:9)
  A hound (D:7)
  3 jellies
  A centaur skeleton (D:7)
  A bullfrog skeleton (D:5)
  5 iguanas
  11 orc wizards
  A killer bee zombie (D:8)
  A hound zombie (D:5)
  3 gnolls (D:8)
  5 adders
  2 howler monkey skeletons
  2 shadow imps
  2 white imps
  An adder skeleton (D:5)
  A worm (D:2)
  6 dart slugs
  30 orcs
  5 bats
  9 endoplasms
  5 giant cockroaches
  2 goblins
  12 hobgoblins
  7 jackals (D:3)
  5 quokkas
  7 ball pythons
  3 frilled lizards
  17 kobolds
  6 rats
268 creatures vanquished.

Vanquished Creatures (others)
  480 foxfires
  5 fungi
  56 plants
541 creatures vanquished.

Grand Total: 809 creatures vanquished

Notes
Turn   | Place    | Note
-------+----------+-------------------------------------------
     0 | D:1      | robertstho the Djinni Fire Elementalist began the quest for
                  | the Orb.
     0 | D:1      | Reached XP level 1. HP: 15/15 MP: 0/0
     4 | D:1      | Noticed an electric eel
     5 | D:1      | Noticed an electric eel
   301 | D:1      | Reached skill level 3 in Spellcasting
   301 | D:1      | Reached XP level 2. HP: 16/21 MP: 0/0
  1025 | D:2      | Reached XP level 3. HP: 18/25 MP: 0/0
  1025 | D:2      | Learned a level 1 spell: Sandblast
  1558 | D:2      | Reached XP level 4. HP: 28/31 MP: 0/0
  1754 | D:2      | Reached skill level 4 in Spellcasting
  3289 | D:3      | Reached XP level 5. HP: 28/35 MP: 0/0
  3289 | D:3      | Learned a level 2 spell: Blink
  4004 | D:4      | Reached skill level 5 in Spellcasting
  4067 | D:4      | Noticed a phantom
  4086 | D:4      | Killed a phantom
  4087 | D:4      | Reached XP level 6. HP: 14/40 MP: 0/0
  4285 | D:4      | Found Nynt's Weapon Shoppe.
  4916 | D:5      | Entered Level 5 of the Dungeon
  5085 | D:5      | Reached XP level 7. HP: 43/45 MP: 0/0
  5085 | D:5      | Learned a level 3 spell: Dazzling Flash
  5086 | D:5      | Identified 2 scrolls of acquirement
  5086 | D:5      | Acquired the amulet "Zaguk" {+Blink Regen+ Str-3 Slay+3}
  5087 | D:5      | Found Ockegurph's Antique Weapon Emporium.
  5095 | D:5      | Bought a shimmering broad axe for 171 gold pieces
  5095 | D:5      | Identified the +5 broad axe of Neemopt {pain, Fly rPois
                  | rC++ Str-2} (You bought it in a shop on level 5 of the
                  | Dungeon)
  5159 | D:5      | Found Vahotiwn's Weapon Shop.
  5168 | D:5      | Reached skill level 6 in Spellcasting
  5217 | D:5      | Found Qusk's Magic Scroll Emporium.
  5223 | D:5      | Bought a scroll of identify for 24 gold pieces
  5223 | D:5      | Bought 2 scrolls of noise for 24 gold pieces
  5223 | D:5      | Bought a scroll of magic mapping for 42 gold pieces
  5223 | D:5      | Acquired 713 gold pieces
  5296 | D:5      | Found Yliabb's Jewellery Shoppe.
  5330 | D:5      | Bought the ring of the Mage {Wiz Will++ Int+3} for 723 gold
                  | pieces
  5330 | D:5      | Found the ring of the Mage {Wiz Will++ Int+3}
  5406 | D:5      | Found a staircase to the Ecumenical Temple.
  5461 | Temple   | Entered the Ecumenical Temple
  5542 | Temple   | Became a worshipper of Ashenzari the Shackled
  5747 | D:5      | Reached skill level 1 in Axes
  5747 | D:5      | Reached skill level 7 in Spellcasting
  5747 | D:5      | Reached XP level 8. HP: 50/51 MP: 0/0
  6088 | D:6      | Reached skill level 1 in Fighting
  6396 | D:6      | Found Futh's Weapon Shop.
  6698 | D:7      | Reached XP level 9. HP: 53/58 MP: 0/0
  6698 | D:7      | Learned a level 4 spell: Passage of Golubria
  6741 | D:6      | Reached skill level 8 in Spellcasting
  6906 | D:7      | Reached * piety under Ashenzari
  6928 | D:7      | Noticed a two-headed ogre
  6940 | D:7      | Killed a two-headed ogre
  6990 | D:7      | Noticed Pikel
  6998 | D:7      | Killed Pikel
  6999 | D:7      | Reached skill level 5 in Dodging
  6999 | D:7      | Reached skill level 9 in Spellcasting
  6999 | D:7      | Reached XP level 10. HP: 32/67 MP: 0/0
  7205 | D:7      | Identified the +5 shortbow of the Unliving {vorpal, rPois
                  | rN+ Str+2}
  7221 | D:7      | Reached skill level 5 in Axes
  7597 | D:7      | Noticed a cyclops
  7601 | D:7      | Killed a cyclops
  7749 | D:7      | Reached ** piety under Ashenzari
  7761 | D:7      | Found an opulent altar of Gozag.
  7817 | D:7      | Noticed a boulder beetle
  7823 | D:7      | Killed a boulder beetle
  8013 | D:8      | Identified the +5 trident "Venih" {holy, +Blink rPois rC+
                  | Stlth-}
  8255 | D:8      | Noticed Erica
  8263 | D:8      | Killed Erica
  8264 | D:8      | Reached skill level 10 in Spellcasting
  8372 | D:8      | Reached *** piety under Ashenzari
  8393 | D:8      | Reached XP level 11. HP: 29/74 MP: 0/0
  8393 | D:8      | Learned a level 4 spell: Airstrike
  8602 | D:8      | Noticed Maurice
  8606 | D:8      | Killed Maurice
  8975 | D:9      | Found a staircase to the Lair.
  9260 | D:9      | Found a staircase to the Orcish Mines.
  9401 | D:9      | Reached **** piety under Ashenzari
  9549 | D:10     | Entered Level 10 of the Dungeon
  9593 | D:10     | Reached skill level 11 in Spellcasting
  9671 | D:10     | Noticed a two-headed ogre
  9675 | D:10     | Killed a two-headed ogre
  9676 | D:10     | Noticed a two-headed ogre
  9687 | D:10     | Killed a two-headed ogre
  9757 | D:10     | Acquired an amulet of reflection
  9950 | D:10     | Found a runed translucent gate.
  9951 | D:10     | Found a runed translucent gate.
  9951 | D:10     | Found a runed translucent gate.
  9952 | D:10     | Noticed a brown ugly thing
  9953 | D:10     | Noticed a white ugly thing
  9953 | D:10     | Noticed a cyan very ugly thing
  9953 | D:10     | Noticed a glowing orange brain
  9954 | D:10     | Noticed a brown ugly thing
  9958 | D:10     | Noticed a red ugly thing
 10574 | D:11     | Noticed a boulder beetle
 10580 | D:11     | Killed a boulder beetle
 10581 | D:11     | Reached skill level 12 in Spellcasting
 10669 | D:11     | Reached XP level 12. HP: 67/80 MP: 0/0
 10725 | D:11     | Noticed a deep elf high priest
 10725 | D:11     | Noticed a sphinx
 10725 | D:11     | Noticed a boulder beetle
 10924 | Lair:1   | Entered Level 1 of the Lair of Beasts
 10934 | Lair:1   | Reached skill level 5 in Stealth
 11052 | Lair:1   | Reached ***** piety under Ashenzari
 11745 | Lair:2   | Reached skill level 13 in Spellcasting
 11773 | Lair:2   | Found a dark tunnel.
 11786 | Volcano  | Entered a volcano
 11835 | Volcano  | Noticed a two-headed ogre
 11842 | Volcano  | Killed a two-headed ogre
 11843 | Volcano  | Reached skill level 5 in Fighting
 11853 | Volcano  | Noticed a two-headed ogre
 11868 | Volcano  | Slain by a salamander

Illustrated notes

Levels and vault maps discovered:
D:1:      arrival_aquarium_b, layout_basic, hex_large, minivault_23,
          fountainhead, chequers_mini_garden
D:2:      kennysheep_six_static_rooms, layout_basic
D:3:      layout_loops_ring
D:4:      layout_loops_ring, serial_shops, shop
D:5:      layout_loops_ring, minmay_temple_entry_fiery, serial_shops,
          nicolae_shop_temple_entry_statues_fountains,
          nicolae_shop_temple_entry_statues_fountains, shop, shop_fountains
D:6:      layout_basic, serial_shops, nicolae_shop_stone,
          chequers_decorated_corner, minmay_misc_feat_square
D:7:      nzn_winding_woodlands_three_and_one [nzn_winding_woodlands_5x15_twine,
          nzn_winding_woodlands_5x15_sidewinder,
          nzn_winding_woodlands_5x15_pockets,
          nzn_winding_woodlands_center_triple_pond], layout_basic,
          kennysheep_mini, uniq_pikel
D:8:      layout_loops_corners, chequers_serial_rivers_large_a, uniq_maurice,
          uniq_erica
D:9:      layout_basic, david_lair_generic, minmay_orc_entry_temple_small
D:10:     layout_irregular_city, ploomutoo_gammafunk_ghost_potion_laboratory
D:11:     layout_long_grid, minivault_25_ag
Temple:   compressed_dpeg_triangle_lava_temple
Lair:1:   wander_river, layout_cave_pods
Lair:2:   layout_gridlike, nicolae_volcano_entry_hallway
Volcano:  pf_volcano_lost_world

Skill      XL: |  1  2  3  4  5  6  7  8  9 10 11 12 |
---------------+-------------------------------------+-----
Spellcasting   | 3 4 5 7 9 10 12 13 | 13.3
Stealth        | 2 3 4 5 |  5.1
Axes           | 1 3 4 6 7 |  7.1
Fighting       | 2 3 4 5 |  5.0
Dodging        | 3 5 6 |  6.1
Polearms       | |  0.5
Evocations     | |  0.9

Action                   |  1- 3 |  4- 6 |  7- 9 | 10-12 || total
-------------------------+-------+-------+-------+-------++-------
Melee: Spear             |       |     6 |       |       ||     6
       Broad axe         |       |       |    31 |    24 ||    55
 Cast: Foxfire           |    68 |   183 |    68 |       ||   319
       Sticky Flame      |       |       |    16 |    17 ||    33
       Fireball          |       |       |    19 |   175 ||   194
Invok: Curse Item        |       |       |     2 |     6 ||     8
 Abil: Evoke Blink       |       |       |       |     1 ||     1
Evoke: Wand              |       |       |       |     2 ||     2
  Use: Scroll            |       |       |     5 |     4 ||     9
       Potion            |       |       |       |     3 ||     3
 Stab: Sleeping          |       |       |     1 |       ||     1
Armor: Robe              |     1 |     2 |    22 |    14 ||    39
Dodge: Dodged            |     4 |     8 |    61 |    38 ||   111

Table legend: (Time is in decaauts)
 A = Elapsed time spent in this place.
 B = Non-inter-level travel time spent in this place.
 C = Inter-level travel time spent in this place.
 D = Time resting spent in this place.
 E = Time spent auto-exploring this place.
 F = Levels seen in this place.
 G = Mean time per level.
                   A        B        C        D        E       F      G
               +--------+--------+--------+--------+--------+-----+--------+
         Total |  11891 |  11412 |    479 |    242 |   9777 |  15 |  792.7 |
       Dungeon |  10857 |  10498 |    359 |    234 |   9009 |  11 |  987.0 |
        Temple |     90 |     52 |     38 |      0 |     51 |   1 |   90.0 |
          Lair |    861 |    780 |     81 |      0 |    706 |   2 |  430.5 |
       Volcano |     81 |     81 |      0 |      8 |     11 |   1 |   81.0 |
               +--------+--------+--------+--------+--------+-----+--------+

Top non-repeatable levels by time:
     D:2: 1406 daAuts
     D:3: 1386 daAuts
     D:4: 1217 daAuts
     D:7: 1177 daAuts
     D:5: 967 daAuts
    D:10: 946 daAuts
     D:8: 911 daAuts
     D:1: 902 daAuts
     D:6: 831 daAuts
  Lair:1: 790 daAuts
     D:9: 703 daAuts
    D:11: 408 daAuts
  Temple: 90 daAuts
 Volcano: 81 daAuts
  Lair:2: 70 daAuts
